Map: Pillars of Gold LE

Players

Serral - Winner!

  • Race: Zerg Zerg
  • Spawn Location: 7:00

INnoVation

  • Race: Terran Terran
  • Spawn Location: 1:00

Event: StayAtHome Story Cup #3

VOD

Have the link to the VOD?

Description

Time

  • Played on: March 12, 2021, 7:59 a.m.
  • Length: 17:48

All games in this series

Show
View Real Time Build Order
Export as new Build Order

Serral Zerg - Winner!

Build Orders: Hatch First 

Get SALT Encoding   

  12  0:00  Drone  
  13  0:12  Overlord  
  13  0:17  Drone  
  14  0:30  Drone x2  
  16  0:50  Hatchery  
  16  0:53  Drone  
  16  0:57  Drone  
  18  1:14  Spawning Pool  
  18  1:16  Drone  
  17  1:21  Drone  
  18  1:29  Drone  
  19  1:38  Drone  
  19  1:39  Extractor  
  19  1:49  Drone  
  20  2:00  Queen  
  22  2:01  Overlord  
  22  2:12  Queen  
  24  2:18  Extractor  
  24  2:19  Zergling x2  
  24  2:23  Zergling x2  
  24  2:26  Drone  
  26  2:35  Zergling x2  
  27  2:40  Drone  
  27  2:43  Overlord  
  28  2:44  Drone  
  28  2:50  Drone  
  31  2:51  Drone  
  31  2:58  Metabolic Boost  
  31  3:05  Queen  
  31  3:08  Drone  
  31  3:10  Drone  
  35  3:14  Drone  
  35  3:15  Drone  
  35  3:19  Drone x2  
  39  3:35  Hatchery  
  39  3:39  Drone x2  
  39  3:40  Drone  
  41  3:41  Drone  
  41  3:45  Overlord  
  42  3:51  Queen  
  44  3:56  Overlord  
  44  4:08  Drone x2  
  44  4:09  Zergling x2  
  48  4:10  Zergling x2  
  48  4:11  Queen  
  48  4:13  Overlord  
  48  4:15  Drone x2  
  52  4:20  Drone x3  
  55  4:25  Zergling x2  
  55  4:29  Drone x2  
  55  4:30  Drone x2  
  60  4:32  Queen  
  62  4:39  Overlord  
  62  4:43  Zergling x2  
  63  4:48  Drone x2  
  63  4:49  Drone x2, Queen  
  68  4:56  Queen, Spore Crawler  
  68  4:57  Drone  
  68  4:59  Drone  
  71  5:06  Zergling x2  
  72  5:07  Drone x2, Queen  
  72  5:14  Drone, Overlord  
  76  5:15  Drone x2  
  76  5:18  Overlord  
  76  5:21  Overlord x2  
  79  5:30  Lair  
  79  5:35  Baneling Nest  
  78  5:42  Drone x2  
  80  5:43  Drone x3, Hatchery  
  80  5:44  Drone x2  
  80  5:46  Extractor  
  80  5:48  Extractor  
  82  5:51  Drone  
  82  5:52  Drone x2, Evolution Chamber  
  82  5:53  Drone, Evolution Chamber  
  82  5:55  Extractor, Drone  
  82  5:56  Extractor  
  83  5:58  Overlord  
  83  6:01  Drone x2  
  83  6:02  Drone x2  
  83  6:03  Drone  
  88  6:10  Drone  
  88  6:11  Drone  
  90  6:12  Drone x2  
  92  6:20  Zerg Melee Weapons Level 1, Zerg Ground Armor Level 1  
  92  6:22  Overlord  
  93  6:25  Drone x6  
  93  6:30  Centrifical Hooks  
  98  6:34  Overseer, Overlord  
  98  6:35  Overlord  
  98  6:38  Drone  
  98  6:39  Drone x2  
  101  6:42  Drone  
  102  6:48  Drone x4  
  102  6:52  Overlord  
  102  6:53  Drone  
  102  6:54  Zergling x6  
  109  6:56  Hatchery  
  109  6:57  Overlord  
  109  6:58  Zergling x2  
  109  7:01  Zergling x4  
  112  7:02  Pneumatized Carapace  
  112  7:06  Zergling x2  
  113  7:11  Zergling x8, Spore Crawler  
  117  7:15  Zergling x2  
  117  7:16  Zergling x6  
  117  7:17  Hydralisk Den  
  117  7:20  Baneling x5  
  117  7:21  Baneling x4, Overseer  
  119  7:24  Zergling x6  
  119  7:28  Queen  
  124  7:35  Zergling x4  
  124  7:36  Zergling x16  
  131  7:53  Zergling x16  
  131  7:56  Baneling x3  
  131  7:57  Baneling x5  
  138  7:59  Overseer  
  138  8:02  Zergling x12  
  138  8:05  Overlord x2, Muscular Augments  
  144  8:08  Burrow  
  144  8:11  Overlord  
  144  8:20  Extractor, Zerg Ground Armor Level 2, Zerg Melee Weapons Level 2  
  144  8:21  Drone x3  
  144  8:22  Infestation Pit  
  144  8:24  Drone x7, Queen  
  144  8:25  Drone  
  144  8:26  Hydralisk x3  
  161  8:34  Hydralisk x2  
  161  8:37  Zergling x14  
  171  8:45  Hydralisk x3  
  171  8:46  Zergling x8  
  172  8:56  Zergling x18  
  172  9:01  Baneling  
  172  9:02  Baneling  
  175  9:03  Hive  
  175  9:05  Spore Crawler  
  175  9:06  Baneling x5  
  174  9:13  Zergling x16  
  174  9:16  Hatchery  
  178  9:19  Zergling x8  
  182  9:24  Overlord  
  182  9:26  Extractor x2  
  180  9:32  Overlord x2  
  180  9:35  Baneling x12  
  180  9:36  Overlord  
  180  9:43  Baneling x6, Hydralisk  
  182  9:47  Overlord  
  182  9:50  Hydralisk x5  
  182  9:52  Drone x6  
  198  9:54  Drone x2  
  198  9:55  Drone  
  198  9:56  Baneling x3  
  198  10:02  Spine Crawler, Baneling x2  
  198  10:03  Drone x2, Spine Crawler  
  198  10:04  Drone x2, Spore Crawler  
  198  10:06  Spore Crawler  
  197  10:11  Grooved Spines  
  197  10:13  Lurker Den  
  196  10:15  Baneling x7  
  196  10:18  Zergling x8  
  198  10:38  Zergling x2  
  198  10:39  Zergling x8  
  168  10:50  Zergling x38  
  168  10:51  Zergling x2  
  168  10:55  Viper x2  
  178  10:58  Zergling x2  
  178  11:00  Zergling x2  
  178  11:01  Zergling x8  
  178  11:03  Adrenal Glands  
  180  11:04  Zerg Missile Weapons Level 1, Zerg Ground Armor Level 3  
  180  11:07  Extractor  
  180  11:09  Extractor, Overseer  
  178  11:12  Drone x3  
  178  11:13  Drone x2  
  178  11:16  Zergling x14  
  190  11:19  Seismic Spines, Baneling x2  
  190  11:20  Baneling x3  
  190  11:21  Baneling  
  190  11:27  Zergling x12  
  190  11:32  Drone  
  197  11:35  Baneling x13  
  197  11:47  Baneling x2  
  189  11:54  Drone x2  
  189  11:55  Spine Crawler  
  189  11:56  Drone, Spore Crawler  
  189  11:57  Spine Crawler, Zergling x22  
  189  11:59  Spore Crawler, Lurker  
  198  12:09  Baneling x3  
  198  12:12  Spire  
  198  12:13  Drone x2  
  198  12:14  Spire  
  198  12:15  Ultralisk Cavern  
  197  12:16  Baneling x7, Adaptive Talons  
  197  12:17  Drone  
  161  12:33  Zergling x70  
  187  12:39  Overlord  
  187  12:40  Drone x2  
  189  12:45  Drone  
  189  12:50  Zergling x10  
  195  12:53  Baneling x16, Overlord  
  195  12:58  Zerg Melee Weapons Level 3  
  195  13:05  Baneling  
  195  13:06  Baneling x20  
  195  13:10  Drone  
  195  13:11  Overseer x2  
  195  13:12  Zergling x8  
  200  13:13  Hatchery  
  200  13:15  Chitinous Plating  
  199  13:27  Zerg Flyer Weapons Level 1  
  199  13:28  Greater Spire  
  199  13:41  Zerg Missile Weapons Level 2  
  191  13:47  Zergling x40  
  191  13:48  Zergling x8  
  188  13:51  Zergling x26  
  188  13:52  Zergling x2  
  191  13:59  Zergling x10  
  196  14:10  Baneling x9  
  196  14:11  Baneling x32  
  196  14:12  Baneling x2  
  196  14:13  Drone  
  196  14:14  Drone x2  
  196  14:15  Drone  
  200  14:18  Overseer  
  200  14:34  Anabolic Synthesis  
  200  14:41  Baneling x10  
  179  14:56  Zergling x50  
  179  15:02  Zergling x24  
  179  15:06  Zerg Flyer Armor Level 1  
  189  15:09  Zergling x20  
  199  15:15  Overseer  
  199  15:20  Baneling x12  
  199  15:21  Baneling x9  
  199  15:41  Baneling x16  
  199  15:50  Extractor x2  
  181  15:58  Zergling x2  
  181  15:59  Zergling x46  
  186  16:07  Zergling x2  
  186  16:08  Zergling x22  
  191  16:22  Zergling x16  
  197  16:28  Baneling x2  
  197  16:29  Viper  
  197  16:30  Baneling x4  
  197  16:31  Baneling x26  
  197  16:32  Baneling x19  
  181  17:06  Zergling x52  
  178  17:10  Zergling x20  
  180  17:16  Zergling x30  
  195  17:25  Baneling x9  
  195  17:26  Baneling x10  
  195  17:29  Baneling x14  
  195  17:31  Zergling x8  
  171  17:45  Hatchery  
Show
View Real Time Build Order
Export as new Build Order

INnoVation Terran 

Build Orders:  

Get SALT Encoding   

  12  0:00  SCV  
  13  0:12  SCV  
  14  0:18  Supply Depot  
  14  0:24  SCV  
  15  0:40  Barracks  
  15  0:51  Barracks  
  15  0:55  SCV  
  16  1:01  Refinery  
  16  1:08  SCV  
  17  1:20  SCV  
  18  1:27  Marine  
  19  1:33  Orbital Command  
  19  1:45  Reaper  
  20  1:47  Supply Depot  
  20  1:59  SCV  
  21  2:12  SCV  
  21  2:15  Command Center  
  21  2:24  Factory  
  21  2:25  SCV  
  23  2:37  SCV  
  23  2:49  SCV  
  24  2:55  Command Center  
  24  3:01  SCV  
  25  3:08  Starport  
  25  3:13  Hellion  
  25  3:15  SCV  
  28  3:26  Orbital Command  
  28  3:27  SCV  
  28  3:31  Barracks Tech Lab  
  29  3:36  Hellion  
  29  3:40  SCV  
  32  3:46  Orbital Command  
  32  3:50  Refinery  
  32  3:55  SCV, Banshee  
  36  3:58  Hellion  
  38  4:07  SCV  
  38  4:09  Orbital Command  
  39  4:17  SCV  
  39  4:19  SCV  
  39  4:21  Hellion  
  43  4:25  Barracks Reactor  
  43  4:29  SCV  
  44  4:31  SCV  
  44  4:36  SCV  
  44  4:38  Viking  
  48  4:41  SCV  
  48  4:42  Supply Depot  
  48  4:43  SCV  
  48  4:45  Barracks  
  50  4:49  SCV  
  51  4:53  SCV  
  51  4:55  SCV  
  51  4:56  Engineering Bay  
  51  4:58  Engineering Bay  
  52  5:03  SCV, Factory Reactor  
  52  5:05  SCV  
  56  5:07  SCV  
  56  5:09  Supply Depot  
  55  5:16  Starport Reactor  
  55  5:19  SCV x3, Barracks  
  58  5:22  Refinery  
  58  5:23  Refinery  
  58  5:25  Terran Infantry Armor Level 1, Terran Infantry Weapons Level 1  
  58  5:28  Marine  
  59  5:34  SCV x2, Supply Depot  
  61  5:36  Stimpack  
  61  5:40  Orbital Command  
  61  5:46  SCV x2  
  61  5:49  Marine x2  
  65  5:50  Factory Reactor, Marine  
  65  5:53  Barracks  
  65  5:54  Barracks  
  66  5:58  SCV x2  
  66  6:00  Supply Depot  
  68  6:06  Medivac x2  
  68  6:07  Marine x3  
  68  6:08  Marine x2  
  68  6:10  SCV  
  79  6:11  SCV  
  79  6:12  SCV  
  80  6:23  SCV x2  
  80  6:24  SCV, Supply Depot  
  80  6:25  Marine x3  
  84  6:30  Armory  
  84  6:31  Widow Mine x2  
  90  6:33  Marine  
  90  6:37  SCV  
  90  6:38  SCV  
  90  6:39  SCV, Supply Depot x2  
  92  6:41  Barracks Reactor x2  
  92  6:46  Factory  
  92  6:50  SCV x2  
  92  6:51  SCV  
  92  6:53  Refinery  
  95  6:54  Refinery, Marine  
  95  6:55  Marine x4  
  95  7:01  Widow Mine  
  102  7:02  SCV  
  102  7:03  SCV x2  
  102  7:04  Supply Depot  
  102  7:05  Supply Depot  
  102  7:08  Medivac x2  
  109  7:13  Marine x2  
  109  7:14  Marine x3  
  114  7:17  SCV x3  
  114  7:18  Combat Shield  
  117  7:26  Widow Mine  
  117  7:29  SCV x2  
  120  7:37  Terran Infantry Armor Level 2, Terran Infantry Weapons Level 2  
  120  7:42  SCV x2  
  120  7:43  Factory Tech Lab  
  122  7:46  Command Center  
  122  7:47  Marine x2, Supply Depot  
  122  7:48  Marine  
  122  7:50  Marine x2  
  123  7:55  Marine x4  
  123  7:58  Widow Mine  
  128  8:03  Drilling Claws  
  128  8:05  Widow Mine, Marine  
  131  8:13  Supply Depot  
  131  8:15  Supply Depot  
  131  8:16  Medivac x2  
  131  8:18  Sensor Tower  
  135  8:22  Widow Mine x2  
  135  8:25  Marauder  
  141  8:34  Marine x4  
  141  8:35  Widow Mine  
  141  8:37  Concussive Shells  
  141  8:38  Supply Depot  
  141  8:40  Supply Depot  
  147  8:55  Marauder, Marine x8  
  133  8:57  Widow Mine x2, Medivac x2  
  133  8:58  Widow Mine  
  146  9:03  SCV x3  
  149  9:13  Marine x5  
  149  9:15  SCV  
  149  9:16  SCV x2  
  152  9:19  Marine, Siege Tank  
  152  9:20  Marauder, Marine x2  
  159  9:24  Planetary Fortress  
  159  9:28  Medivac x2  
  159  9:31  Marine x5  
  164  9:37  SCV x3, Marine x2  
  173  9:40  Terran Vehicle Weapons Level 1  
  173  9:42  Factory Tech Lab  
  173  9:47  Marauder, Marine  
  173  9:48  Marine  
  173  9:49  Marine x3  
  178  9:55  Siege Tank  
  178  9:57  Terran Infantry Weapons Level 3  
  178  9:58  Supply Depot  
  178  9:59  Supply Depot  
  181  10:00  Terran Infantry Armor Level 3  
  181  10:05  Refinery  
  181  10:06  Refinery  
  181  10:11  Siege Tank  
  184  10:20  Barracks  
  181  10:21  Barracks  
  181  10:23  Barracks, Ghost Academy  
  181  10:27  Marine, Siege Tank  
  181  10:28  Marauder, Marine x7  
  194  10:39  Sensor Tower  
  190  10:43  Siege Tank  
  190  10:45  Marine  
  190  10:46  Marine  
  190  10:47  Marine  
  190  10:48  Marine x5  
  190  10:49  Marauder  
  165  10:51  Medivac x2  
  149  11:03  Marine x2  
  149  11:05  Marine x3, Command Center  
  149  11:06  Marine  
  149  11:08  Personal Cloaking  
  149  11:09  Barracks Tech Lab  
  149  11:10  Barracks Tech Lab  
  149  11:11  Barracks Tech Lab  
  153  11:12  Marine x3  
  156  11:19  SCV x3  
  156  11:21  Marine x2  
  156  11:22  Sensor Tower, Missile Turret  
  156  11:23  Marine x4  
  165  11:28  Siege Tank x2  
  165  11:29  Marine  
  165  11:30  Marine x2  
  165  11:31  Ghost  
  176  11:35  Ghost  
  176  11:36  Ghost  
  180  11:45  Terran Vehicle Weapons Level 2  
  180  11:47  Ghost  
  180  11:53  Marine  
  183  11:56  Marine x3  
  183  12:00  Ghost  
  188  12:04  Ghost x2  
  192  12:12  Missile Turret x2  
  192  12:14  Missile Turret  
  192  12:16  Ghost  
  192  12:22  Siege Tank x2  
  200  12:24  Missile Turret  
  200  12:28  Ghost  
  183  12:34  Command Center  
  183  12:35  Medivac  
  183  12:36  Medivac  
  175  12:39  SCV x3  
  178  12:49  Missile Turret  
  178  12:50  Sensor Tower  
  178  12:51  SCV x3  
  179  12:52  Missile Turret  
  181  12:58  Siege Tank x2  
  187  13:12  SCV x2  
  189  13:13  SCV  
  189  13:19  Neosteel Armor, Hi-Sec Auto Tracking  
  190  13:29  SCV x2  
  190  13:30  SCV, Siege Tank x2  
  197  13:41  SCV  
  171  13:51  Medivac x2  
  153  13:56  Planetary Fortress  
  153  14:00  Marauder x3, Marine x6  
  153  14:01  Marine x3  
  168  14:03  SCV x3  
  168  14:06  Sensor Tower  
  171  14:10  Planetary Fortress  
  171  14:11  Refinery  
  171  14:17  Siege Tank, Supply Depot x2  
  171  14:18  Marine x2  
  171  14:23  SCV x3  
  179  14:38  Marine x6  
  179  14:39  SCV, Marauder x4, Marine  
  179  14:43  Terran Vehicle Weapons Level 3  
  179  14:44  Missile Turret  
  195  14:53  Marine, Medivac x2  
  195  14:54  SCV  
  180  15:04  Command Center  
  180  15:06  Supply Depot  
  180  15:07  Supply Depot x2  
  180  15:19  Sensor Tower, Missile Turret  
  180  15:28  SCV, Marauder x2, Marine x3, Siege Tank x2  
  188  15:29  SCV x2, Marauder x2  
  188  15:32  Enhanced Shockwaves  
  200  15:52  Command Center  
  191  16:05  Marine  
  191  16:07  Marauder, Siege Tank  
  191  16:10  Marauder  
  191  16:11  Marauder  
  188  16:16  Siege Tank  
  188  16:17  Planetary Fortress  
  185  16:30  Sensor Tower  
  185  16:31  Marauder x2, Marine  
  185  16:32  Marauder x2, Marine x3  
  197  16:37  Orbital Command  
  197  16:42  SCV x2  
  167  17:12  Marauder x2, Marine x7  
  167  17:13  Marauder, Marine x2, Medivac  
  173  17:29  Supply Depot x2  
Tags
 
Add a new tag
Caveats
  • Supply blocks, unpowered buildings, or Contaminate may cause inaccurate times.
  • Supply counts are checked every 10 seconds.